TOP OF THE 1ST |
Lehigh Valley IronPigs batting - Pitching for Gwinnett Braves : LHP Eduardo Baez
|
Pitching: LHP Eduardo Baez
|
|
Batting: LHB Theodore Conboy
|
0-0: Called Strike 0-1: Fly out, F4 (Line Drive, 4, EV 71.9 MPH)
|
Batting: RHB Mark Schultz
|
0-0: Ball 1-0: Called Strike 1-1: Ground out 4-3 (Groundball, 4, EV 83.1 MPH)
|
Batting: RHB Carlos Morejon
|
0-0: Ball 1-0: Called Strike 1-1: Ball 2-1: Ground out 5-3 (Groundball, 56S, EV 80.6 MPH)
|
Top of the 1st over - 0 runs, 0 hits, 0 errors, 0 left on base; Lehigh Valley 0 - Gwinnett 0 |
BOTTOM OF THE 1ST |
Gwinnett Braves batting - Pitching for Lehigh Valley IronPigs : RHP Jeff Dailey
|
Pitching: RHP Jeff Dailey
|
|
Batting: RHB Edgar Castillo
|
0-0: Ball 1-0: Ball 2-0: Foul Ball, location: 2F 2-1: Foul Ball, location: 2F 2-2: Ball 3-2: SINGLE (Groundball, 34D, EV 106.9 MPH)
|
Batting: RHB Nate Taylor
|
0-0: Ball 1-0: Called Strike 1-1: Fly out, F6 (Popup, 4MS, EV 72.5 MPH)
|
Batting: LHB Chris Locklear
|
0-0: Ball 1-0: Called Strike 1-1: Ball 2-1: SINGLE (Flyball, 56D, EV 91.9 MPH) Edgar Castillo to second
|
Batting: SHB Brian Bagley
|
0-0: Called Strike 0-1: Foul Ball, location: 2F 0-2: Ball 1-2: Foul Ball, location: 2F 1-2: Grounds into double play, 3-6-3 (Groundball, 34, EV 101.2 MPH)
|
Bottom of the 1st over - 0 runs, 2 hits, 0 errors, 1 left on base; Lehigh Valley 0 - Gwinnett 0 |
TOP OF THE 2ND |
Lehigh Valley IronPigs batting - Pitching for Gwinnett Braves : LHP Eduardo Baez
|
Batting: RHB Victor Arroyo
|
0-0: Swinging Strike 0-1: Ball 1-1: Ball 2-1: Foul Ball, location: 2F 2-2: Foul Ball, location: 2F 2-2: Ball 3-2: Fly out, F7 (Flyball, 78M, EV 74.4 MPH)
|
Batting: SHB Benjamin Brown
|
0-0: Swinging Strike 0-1: Ball 1-1: Foul Ball, location: 2F 1-2: Ball 2-2: Fly out, F2 (Popup, 15S, EV 83.1 MPH)
|
Batting: RHB Moritake Fukumoto
|
0-0: Foul Ball, location: 2F 0-1: Ball 1-1: Foul Ball, location: 2F 1-2: Foul Ball, location: 2F 1-2: Ball 2-2: Ground out 5-3 (Groundball, 5, EV 85.6 MPH)
|
Top of the 2nd over - 0 runs, 0 hits, 0 errors, 0 left on base; Lehigh Valley 0 - Gwinnett 0 |
BOTTOM OF THE 2ND |
Gwinnett Braves batting - Pitching for Lehigh Valley IronPigs : RHP Jeff Dailey
|
Batting: RHB Dave Nickerson
|
0-0: Called Strike 0-1: Ball 1-1: Called Strike 1-2: Strikes out looking
|
Batting: LHB Mark Buchholz
|
0-0: Ground out 5-3 (Groundball, 56, EV 105.6 MPH)
|
Batting: RHB Alex Munoz
|
0-0: Ball 1-0: SINGLE (Groundball, 56, EV 90.0 MPH) (infield hit)
|
Batting: SHB David Beauchamp
|
0-0: Called Strike Alex Munoz steals 2nd base (no throw) 0-1: Ball 1-1: Ground out 1-3 (Groundball, 15S, EV 63.8 MPH)
|
Bottom of the 2nd over - 0 runs, 1 hit, 0 errors, 1 left on base; Lehigh Valley 0 - Gwinnett 0 |
TOP OF THE 3RD |
Lehigh Valley IronPigs batting - Pitching for Gwinnett Braves : LHP Eduardo Baez
|
Batting: SHB Marco de Leon
|
0-0: Ball 1-0: Ball 2-0: Ball 3-0: Base on Balls
|
Batting: LHB Josh George
|
0-0: Ball 1-0: Foul Ball, location: 2F 1-1: Ball 2-1: Foul Ball, location: 2F 2-2: Ball 3-2: Foul Ball, location: 2F 3-2: Base on Balls Marco de Leon to second
|
Batting: RHB Kyle Reilly
|
0-0: Ball 1-0: Ball 2-0: SINGLE (Line Drive, 8LS, EV 103.8 MPH) Marco de Leon to third Josh George to second
|
Batting: LHB Theodore Conboy
|
0-0: Swinging Strike 0-1: Swinging Strike 0-2: Strikes out swinging
|
Batting: RHB Mark Schultz
|
0-0: Fly out, F9 (Flyball, 9S, EV 95.6 MPH)
|
Batting: RHB Carlos Morejon
|
0-0: Ball 1-0: Ball 2-0: Ball 3-0: Foul Ball, location: 2F 3-1: Hit by Pitch Marco de Leon scores Josh George to third Kyle Reilly to second
|
Batting: RHB Victor Arroyo
|
0-0: Ball 1-0: Foul Ball, location: 2F 1-1: Ground out 6-3 (Groundball, 6MS, EV 90.6 MPH)
|
Top of the 3rd over - 1 run, 1 hit, 0 errors, 3 left on base; Lehigh Valley 1 - Gwinnett 0 |
BOTTOM OF THE 3RD |
Gwinnett Braves batting - Pitching for Lehigh Valley IronPigs : RHP Jeff Dailey
|
Batting: RHB Mike Manchester
|
0-0: Called Strike 0-1: Foul Ball, location: 2F 0-2: Fly out, F9 (Flyball, 89D, EV 110.6 MPH)
|
Batting: RHB Edgar Castillo
|
0-0: Ball 1-0: Foul Ball, location: 2F 1-1: Ball 2-1: Ball 3-1: Called Strike 3-2: Foul Ball, location: 2F 3-2: Foul Ball, location: 2F 3-2: Fly out, F8 (Flyball, 89M, EV 78.1 MPH)
|
Batting: RHB Nate Taylor
|
0-0: Called Strike 0-1: Ball 1-1: Foul Ball, location: 2F 1-2: Ground out 4-3 (Groundball, 34, EV 100.6 MPH)
|
Bottom of the 3rd over - 0 runs, 0 hits, 0 errors, 0 left on base; Lehigh Valley 1 - Gwinnett 0 |
TOP OF THE 4TH |
Lehigh Valley IronPigs batting - Pitching for Gwinnett Braves : LHP Eduardo Baez
|
Batting: SHB Benjamin Brown
|
0-0: Ball 1-0: Ball 2-0: Ball 3-0: Base on Balls
|
Batting: RHB Moritake Fukumoto
|
0-0: Called Strike Benjamin Brown is caught stealing 2nd base 2-4 0-1: Ball 1-1: DOUBLE (Line Drive, 8LXD, EV 106.2 MPH)
|
Batting: SHB Marco de Leon
|
0-0: Ball 1-0: Swinging Strike 1-1: Ball 2-1: Ball 3-1: Foul Ball, location: 2F 3-2: Base on Balls
|
Batting: LHB Josh George
|
0-0: Called Strike 0-1: Ball 1-1: Swinging Strike 1-2: Ball 2-2: Ball 3-2: DOUBLE (Flyball, 8LXD, EV 90.0 MPH) Moritake Fukumoto scores Marco de Leon to third
|
Batting: RHB Kyle Reilly
|
0-0: 3-RUN HOME RUN (Flyball, 7LD, EV 96.9 MPH), Distance : 386 ft
|
Pitching: RHP Steve Dripps
|
|
Batting: LHB Theodore Conboy
|
0-0: Called Strike 0-1: Foul Ball, location: 2F 0-2: Ball 1-2: SINGLE (Flyball, 3D, EV 96.2 MPH)
|
Batting: RHB Mark Schultz
|
0-0: Ball 1-0: Ball Theodore Conboy steals 2nd base 2-0: Ball 3-0: Called Strike 3-1: Called Strike 3-2: Ground out 6-3 (Groundball, 6, EV 83.1 MPH) Theodore Conboy to third
|
Batting: RHB Carlos Morejon
|
0-0: Ball 1-0: Called Strike 1-1: Fly out, F9 (Flyball, 9S, EV 93.1 MPH)
|
Top of the 4th over - 4 runs, 4 hits, 0 errors, 1 left on base; Lehigh Valley 5 - Gwinnett 0 |
BOTTOM OF THE 4TH |
Gwinnett Braves batting - Pitching for Lehigh Valley IronPigs : RHP Jeff Dailey
|
Batting: LHB Chris Locklear
|
0-0: Foul Ball, location: 2F 0-1: Foul Ball, location: 2F 0-2: Ball 1-2: Strikes out looking
|
Batting: SHB Brian Bagley
|
0-0: Ball 1-0: Ball 2-0: Ball 3-0: Base on Balls
|
Batting: RHB Dave Nickerson
|
0-0: Ball 1-0: 2-RUN HOME RUN (Flyball, 7D, EV 100.6 MPH), Distance : 410 ft
|
Batting: LHB Mark Buchholz
|
0-0: Ball 1-0: Ball 2-0: Swinging Strike 2-1: Ball 3-1: Ground out 1-3 (Groundball, 13S, EV 75.6 MPH)
|
Batting: RHB Alex Munoz
|
0-0: SINGLE (Groundball, 56D, EV 106.2 MPH)
|
Batting: SHB David Beauchamp
|
0-0: Ball 1-0: Fielders Choice at 2nd, 5-4 (Groundball, 56, EV 90.0 MPH)
|
Bottom of the 4th over - 2 runs, 2 hits, 0 errors, 1 left on base; Lehigh Valley 5 - Gwinnett 2 |
TOP OF THE 5TH |
Lehigh Valley IronPigs batting - Pitching for Gwinnett Braves : RHP Steve Dripps
|
Batting: RHB Victor Arroyo
|
0-0: Ball 1-0: Foul Ball, location: 2F 1-1: Fly out, F9 (Flyball, 9LM, EV 98.8 MPH)
|
Batting: SHB Benjamin Brown
|
0-0: Called Strike 0-1: Fly out, F6 (Popup, 4MD, EV 65.0 MPH)
|
Batting: RHB Moritake Fukumoto
|
0-0: Foul Ball, location: 2F 0-1: Ball 1-1: Single, Error in OF, E8, batter to second base (Line Drive, 8RS, EV 108.8 MPH)
|
Batting: SHB Marco de Leon
|
0-0: Ball 1-0: Ball 2-0: Ball 3-0: Called Strike 3-1: Swinging Strike 3-2: Base on Balls
|
Batting: LHB Josh George
|
0-0: Ball 1-0: Swinging Strike 1-1: Ball 2-1: SINGLE (Line Drive, 89S, EV 105.0 MPH) Moritake Fukumoto to third Marco de Leon to second
|
Batting: RHB Kyle Reilly
|
0-0: Ball 1-0: Foul Ball, location: 2F 1-1: Ball 2-1: Swinging Strike 2-2: Strikes out swinging
|
Top of the 5th over - 0 runs, 2 hits, 1 error, 3 left on base; Lehigh Valley 5 - Gwinnett 2 |
BOTTOM OF THE 5TH |
Gwinnett Braves batting - Pitching for Lehigh Valley IronPigs : RHP Jeff Dailey
|
Batting: RHB Mike Manchester
|
0-0: Ball 1-0: Fly out, F8 (Flyball, 8RS, EV 94.4 MPH)
|
Batting: RHB Edgar Castillo
|
0-0: Ground out 5-3 (Groundball, 5S, EV 84.4 MPH)
|
Batting: RHB Nate Taylor
|
0-0: Ball 1-0: Ball 2-0: Foul Ball, location: 2F 2-1: Ball 3-1: Ground out 3-1 (Groundball, 34, EV 86.9 MPH)
|
Bottom of the 5th over - 0 runs, 0 hits, 0 errors, 0 left on base; Lehigh Valley 5 - Gwinnett 2 |
TOP OF THE 6TH |
Lehigh Valley IronPigs batting - Pitching for Gwinnett Braves : RHP Steve Dripps
|
Batting: LHB Theodore Conboy
|
0-0: Foul Ball, location: 2F 0-1: Ball 1-1: Foul Ball, location: 2F 1-2: Ground out U3 (Groundball, 34S, EV 90.0 MPH)
|
Batting: RHB Mark Schultz
|
0-0: Ground out 1-3 (Groundball, 15S, EV 61.2 MPH)
|
Batting: RHB Carlos Morejon
|
0-0: Swinging Strike 0-1: Ball 1-1: Foul Ball, location: 2F 1-2: Strikes out swinging
|
Top of the 6th over - 0 runs, 0 hits, 0 errors, 0 left on base; Lehigh Valley 5 - Gwinnett 2 |
BOTTOM OF THE 6TH |
Gwinnett Braves batting - Pitching for Lehigh Valley IronPigs : RHP Jeff Dailey
|
Batting: LHB Chris Locklear
|
0-0: Called Strike 0-1: Ground out U3 (Groundball, 3, EV 88.1 MPH)
|
Batting: SHB Brian Bagley
|
0-0: SINGLE (Groundball, 34D, EV 95.6 MPH)
|
Batting: RHB Dave Nickerson
|
0-0: Ball 1-0: 2-RUN HOME RUN (Flyball, 8RXD, EV 113.8 MPH), Distance : 440 ft
|
Batting: LHB Mark Buchholz
|
0-0: Called Strike 0-1: Called Strike 0-2: Ball 1-2: Ball 2-2: Fly out, F4 (Flyball, 34D, EV 93.8 MPH)
|
Batting: RHB Alex Munoz
|
0-0: SINGLE (Groundball, 56S, EV 66.9 MPH) (infield hit)
|
Batting: SHB David Beauchamp
|
0-0: Ball 1-0: Called Strike 1-1: Swinging Strike 1-2: DOUBLE (Flyball, 8RXD, EV 101.9 MPH) Alex Munoz to third
|
Batting: RHB Mike Manchester
|
0-0: Ground out 1-3 (Groundball, 15S, EV 72.5 MPH)
|
Bottom of the 6th over - 2 runs, 4 hits, 0 errors, 2 left on base; Lehigh Valley 5 - Gwinnett 4 |
TOP OF THE 7TH |
Lehigh Valley IronPigs batting - Pitching for Gwinnett Braves : RHP Steve Dripps
|
Pitching: RHP Jonathan Ballejos
|
|
Batting: RHB Victor Arroyo
|
0-0: Ground out 2-3 (Groundball, 15S, EV 66.2 MPH)
|
Batting: SHB Benjamin Brown
|
0-0: Fly out, F7 (Flyball, 78M, EV 84.4 MPH)
|
Batting: RHB Moritake Fukumoto
|
0-0: Ball 1-0: Ball 2-0: Called Strike 2-1: Ball 3-1: Swinging Strike 3-2: Ground out 4-3 (Groundball, 4, EV 85.0 MPH)
|
Top of the 7th over - 0 runs, 0 hits, 0 errors, 0 left on base; Lehigh Valley 5 - Gwinnett 4 |
BOTTOM OF THE 7TH |
Gwinnett Braves batting - Pitching for Lehigh Valley IronPigs : RHP Jeff Dailey
|
Batting: RHB Edgar Castillo
|
0-0: Foul Ball, location: 2F 0-1: Single, Error in OF, E8, batter to second base (Groundball, 4MD, EV 95.6 MPH)
|
Batting: RHB Nate Taylor
|
0-0: Ball 1-0: Ball 2-0: Foul Ball, location: 2F 2-1: Called Strike 2-2: Strikes out swinging
|
Batting: LHB Chris Locklear
|
0-0: Called Strike 0-1: Ball 1-1: Swinging Strike 1-2: Ground out U3 (Groundball, 3, EV 88.1 MPH) Edgar Castillo to third
|
Batting: SHB Brian Bagley
|
0-0: Called Strike 0-1: Ball 1-1: DOUBLE (Flyball, 8RXD, EV 113.1 MPH) Edgar Castillo scores
|
Pitching: RHP Manny Cordova
|
|
Batting: RHB Dave Nickerson
|
0-0: Fly out, F9 (Flyball, 89M, EV 94.4 MPH)
|
Bottom of the 7th over - 1 run, 2 hits, 1 error, 1 left on base; Lehigh Valley 5 - Gwinnett 5 |
TOP OF THE 8TH |
Lehigh Valley IronPigs batting - Pitching for Gwinnett Braves : RHP Jonathan Ballejos
|
Batting: SHB Marco de Leon
|
0-0: Called Strike 0-1: Ground out U3 (Groundball, 34S, EV 68.8 MPH)
|
Batting: LHB Josh George
|
0-0: Ball 1-0: Ball 2-0: Ball 3-0: Called Strike 3-1: Called Strike 3-2: Ground out 4-3 (Groundball, 4, EV 84.4 MPH)
|
Pinch Hitting: LHB Jose Carlos
|
0-0: Ball 1-0: Ball 2-0: Swinging Strike 2-1: Foul Ball, location: 2F 2-2: Ball 3-2: Fly out, F7 (Flyball, 7, EV 96.2 MPH)
|
Top of the 8th over - 0 runs, 0 hits, 0 errors, 0 left on base; Lehigh Valley 5 - Gwinnett 5 |
BOTTOM OF THE 8TH |
Gwinnett Braves batting - Pitching for Lehigh Valley IronPigs : RHP Manny Cordova
|
Now in LF: Bob Dixon
|
|
Batting: LHB Mark Buchholz
|
0-0: Ball 1-0: Foul Ball, location: 2F 1-1: Ball 2-1: SINGLE (Flyball, 78S, EV 88.1 MPH)
|
Batting: RHB Alex Munoz
|
0-0: Ball 1-0: Ball 2-0: Ball 3-0: Base on Balls Mark Buchholz to second
|
Batting: SHB David Beauchamp
|
0-0: Ball 1-0: Bunt missed! 1-1: Ball 2-1: Ball 3-1: Bunted foul 3-2: Fly out, F7 (Flyball, 7, EV 91.2 MPH)
|
Batting: RHB Mike Manchester
|
0-0: Foul Ball, location: 2F 0-1: Swinging Strike 0-2: Strikes out looking
|
Batting: RHB Edgar Castillo
|
0-0: Called Strike 0-1: Foul Ball, location: 2F 0-2: DOUBLE (Line Drive, 9LM, EV 109.4 MPH) Mark Buchholz scores Alex Munoz to third Runner from 3rd tries for Home, SAFE, no throw by RF
|
Batting: RHB Nate Taylor
|
0-0: Ball 1-0: Swinging Strike 1-1: Ground out 5-3 (Groundball, 56S, EV 86.9 MPH)
|
Bottom of the 8th over - 2 runs, 2 hits, 0 errors, 1 left on base; Lehigh Valley 5 - Gwinnett 7 |
TOP OF THE 9TH |
Lehigh Valley IronPigs batting - Pitching for Gwinnett Braves : RHP Jonathan Ballejos
|
Pitching: RHP Chong-hun Park
|
|
Batting: LHB Theodore Conboy
|
0-0: Ball 1-0: Ball 2-0: SOLO HOME RUN (Flyball, 9LD, EV 95.6 MPH), Distance : 381 ft
|
Batting: RHB Mark Schultz
|
0-0: Called Strike 0-1: Ball 1-1: SINGLE (Line Drive, 89S, EV 90.6 MPH)
|
Batting: RHB Carlos Morejon
|
0-0: Called Strike 0-1: Foul Ball, location: 2F 0-2: Ball 1-2: Reached on error, E5 (Groundball, 56, EV 88.8 MPH) Mark Schultz to second
|
Batting: RHB Victor Arroyo
|
0-0: Foul Ball, location: 2F 0-1: Fly out, F3 (Line Drive, 3L, EV 68.1 MPH)
|
Batting: SHB Benjamin Brown
|
0-0: Called Strike 0-1: Ball 1-1: Foul Ball, location: 2F 1-2: Foul Ball, location: 2F 1-2: Strikes out swinging
|
Batting: RHB Moritake Fukumoto
|
0-0: Swinging Strike 0-1: Called Strike 0-2: Ball 1-2: SINGLE (Groundball, 56D, EV 101.9 MPH) Mark Schultz to third Carlos Morejon to second Runner from 3rd tries for Home, SAFE, throw by LF to home
|
Pinch Runner at 2nd Jake Cox:
|
|
Batting: SHB Marco de Leon
|
0-0: Called Strike 0-1: Foul Ball, location: 2F 0-2: Foul Ball, location: 2F 0-2: Ball 1-2: Fly out, F6 (Line Drive, 6, EV 65.6 MPH)
|
Top of the 9th over - 2 runs, 3 hits, 1 error, 2 left on base; Lehigh Valley 7 - Gwinnett 7 |
BOTTOM OF THE 9TH |
Gwinnett Braves batting - Pitching for Lehigh Valley IronPigs : RHP Manny Cordova
|
Pitching: LHP Brian Wildrick
|
|
Now at 3B: Bill Moldenhauer
|
|
Pinch Hitting: RHB Jesse Lester
|
0-0: Swinging Strike 0-1: Foul Ball, location: 2F 0-2: Ball 1-2: Strikes out swinging
|
Pitching: LHP Ignacio Amaya
|
|
Batting: SHB Brian Bagley
|
0-0: Called Strike 0-1: Ball 1-1: Called Strike 1-2: Fly out, F7 (Flyball, 7, EV 81.2 MPH)
|
Batting: RHB Dave Nickerson
|
0-0: Called Strike 0-1: Foul Ball, location: 2F 0-2: Ball 1-2: Foul Ball, location: 2F 1-2: SINGLE (Groundball, 34, EV 111.9 MPH)
|
Batting: LHB Mark Buchholz
|
0-0: Ball 1-0: Fielders Choice at 2nd, 5-4 (Groundball, 56, EV 97.5 MPH)
|
Bottom of the 9th over - 0 runs, 1 hit, 0 errors, 1 left on base; Lehigh Valley 7 - Gwinnett 7 |
TOP OF THE 10TH |
Lehigh Valley IronPigs batting - Pitching for Gwinnett Braves : RHP Chong-hun Park
|
Pitching: LHP Justin Sullins
|
|
Now at C: David Zelaya
|
|
Batting: LHB Josh George
|
0-0: Called Strike 0-1: Ball 1-1: Swinging Strike 1-2: Strikes out swinging
|
Batting: SHB Bob Dixon
|
0-0: Ball 1-0: Ball 2-0: Foul Ball, location: 2F 2-1: Ball 3-1: Called Strike 3-2: SINGLE (Groundball, 6MD, EV 111.2 MPH)
|
Batting: LHB Theodore Conboy
|
0-0: Called Strike 0-1: Ball 1-1: Foul Ball, location: 2F 1-2: Foul Ball, location: 2F 1-2: Ball 2-2: Foul Ball, location: 2F 2-2: Ball 3-2: Base on Balls Bob Dixon to second
|
Batting: RHB Mark Schultz
|
0-0: Called Strike 0-1: Ball 1-1: Foul Ball, location: 2F 1-2: DOUBLE (Line Drive, 9LM, EV 108.1 MPH) Bob Dixon scores Theodore Conboy to third
|
Batting: RHB Bill Moldenhauer
|
0-0: Ball 1-0: Ball 2-0: Ground out 1-3 (Groundball, 25, EV 74.4 MPH)
|
Batting: RHB Victor Arroyo
|
0-0: Ball 1-0: SINGLE (Line Drive, 7S, EV 91.9 MPH) Theodore Conboy scores Mark Schultz to third Runner from 3rd tries for Home, SAFE, throw by LF to home
|
Batting: SHB Benjamin Brown
|
0-0: Foul Ball, location: 2F 0-1: Ball 1-1: Swinging Strike 1-2: Ball 2-2: Strikes out swinging
|
Top of the 10th over - 3 runs, 3 hits, 0 errors, 1 left on base; Lehigh Valley 10 - Gwinnett 7 |
BOTTOM OF THE 10TH |
Gwinnett Braves batting - Pitching for Lehigh Valley IronPigs : LHP Ignacio Amaya
|
Batting: RHB Alex Munoz
|
0-0: Ball 1-0: Called Strike 1-1: Called Strike 1-2: Foul Ball, location: 2F 1-2: Strikes out swinging
|
Batting: SHB David Beauchamp
|
0-0: Called Strike 0-1: Ball 1-1: Ball 2-1: Called Strike 2-2: Strikes out swinging
|
Batting: RHB Mike Manchester
|
0-0: Ball 1-0: Ball 2-0: Called Strike 2-1: Ball 3-1: Ground out 5-3 (Groundball, 5S, EV 83.1 MPH)
|
Bottom of the 10th over - 0 runs, 0 hits, 0 errors, 0 left on base; Lehigh Valley 10 - Gwinnett 7 |
|